 Dungeon Crawl Stone Soup version 0.23-a0-650-ga4d50d4d25 (webtiles) character file.

2074 Notair the Spear-Bearer (level 9, -7/79 HPs)
             Began as a Minotaur Gladiator on Jan 4, 2019.
             Was a Believer of Okawaru.
             Mangled by an orc warrior
             ... wielding a +0 trident
              (19 damage)
             ... on level 7 of the Dungeon.
             The game lasted 00:22:01 (5619 turns).

Notair the Spear-Bearer (Minotaur Gladiator)        Turns: 5619, Time: 00:22:02

Health: -7/79      AC: 12    Str: 18    XL:     9   Next: 6%
Magic:  8/8        EV:  9    Int:  8    God:    Okawaru [**....]
Gold:   341        SH:  0    Dex: 13    Spells: 8/8 levels left

rFire    x . .     SeeInvis .   F - +0 halberd
rCold    + . .     Gourm    .   (shield currently unavailable)
rNeg     . . .     Faith    .   B - +1 chain mail {MR+}
rPois    .         Spirit   .   c - +0 hat
rElec    .         Reflect  .   (no cloak)
rCorr    .         Harm     .   (no gloves)
MR       +....                  s - +0 pair of boots
Stlth    ..........             (no amulet)
HPRegen  0.23/turn              k - ring of ice
MPRegen  0.11/turn              p - ring of stealth

@: no status effects
A: retaliatory headbutt, horns 2
a: Heroism, Renounce Religion


You were on level 7 of the Dungeon.
You worshipped Okawaru.
Okawaru was pleased with you.
You were very hungry.

You visited 2 branches of the dungeon, and saw 8 of its levels.
You also visited: Ossuary.

You collected 341 gold pieces.

Inventory:

Hand Weapons
 a - a +0 trident
 t - a +0 hunting sling
 F - a +0 halberd (weapon)
Missiles
 d - a throwing net
 i - 209 stones (quivered)
 j - 40 sling bullets
Armour
 c - a +0 hat (worn)
 s - a +0 pair of boots (worn)
 B - a +1 chain mail of magic resistance (worn)
Jewellery
 k - a ring of ice (left hand)
 p - a ring of stealth (right hand)
Wands
 b - a wand of digging (6)
 w - a wand of random effects (14)
 y - a wand of clouds (3)
 D - a wand of iceblast (9)
 J - a wand of acid (6)
Scrolls
 e - 2 scrolls of teleportation
 h - 3 scrolls of remove curse
 q - 2 scrolls of immolation
 r - a scroll of blinking
 u - a scroll of enchant armour {unknown}
 H - a scroll of amnesia {unknown}
 I - 2 scrolls of fear {unknown}
Potions
 g - a potion of flight
 l - 5 potions of curing
 m - a potion of might
 n - a potion of berserk rage
 o - a potion of invisibility {unknown}
 v - a potion of resistance {unknown}
 x - a potion of brilliance {unknown}
 z - 2 potions of agility
 A - 3 potions of magic
 C - 2 potions of heal wounds
Comestibles
 f - 5 rations


   Skills:
 + Level 7.4 Fighting
 * Level 10.6 Polearms
 - Level 2.0 Throwing
 + Level 7.0 Armour
 - Level 3.2 Dodging


You had 8 spell levels left.
You didn't know any spells.
Your spell library contained the following spells:

 Spells                   Type           Power        Failure   Level  Hunger
 Corona                   Hex            #......      99%         1    ##.....
 Magic Dart               Conj           #...         99%         1    ##.....
 Blink                    Tloc           N/A          100%        2    ###....
 Call Imp                 Summ           #.......     100%        2    ###....
 Slow                     Hex            #.......     100%        2    ###....
 Conjure Flame            Conj/Fire      #.......     100%        3    ####...
 Inner Flame              Hex/Fire       #.......     100%        3    ####...
 Mephitic Cloud           Conj/Pois/Air  #.......     100%        3    ####...
 Portal Projectile        Hex/Tloc       #.....       100%        3    ####...
 Cause Fear               Hex            #.........   100%        4    #####..
 Leda's Liquefaction      Hex/Erth       #.........   100%        4    #####..


Dungeon Overview and Level Annotations

Branches:
Dungeon (7/15)             Temple (1/1) D:4

Altars:
Dithmenos
Elyvilon
Kikubaaqudgha
Okawaru
Qazlal
Ru
Sif Muna
Trog
Vehumet


Innate Abilities, Weirdness & Mutations

You reflexively headbutt those who attack you in melee.
You have a pair of horns on your head.


Message History

The orc warrior hits you from afar with a +0 trident!
* * * LOW HITPOINT WARNING * * *
You puncture the centaur zombie!
The centaur zombie is heavily damaged.
The centaur zombie closely misses you. You furiously retaliate!
You headbutt the centaur zombie!
The orc warrior hits you but does no damage.
You puncture the centaur zombie!
You destroy the centaur zombie!
Okawaru accepts your kill.
Your Armour skill increases to level 7!
You hit the orc.
The orc is almost dead.
The orc warrior hits you from afar with a +0 trident.
* * * LOW HITPOINT WARNING * * *
The orc hits you but does no damage.
You hit the orc but do no damage.
The orc is almost dead.
The orc warrior hits you from afar with a +0 trident!!
You die...

.... #.. #....#. . ....# #.####..
......##.#.. )..#
#..#....##..#...#.#.. ...#
..............#.....## ...#
.....#......(.#....... ##..#
#.....#....#.........## ..
.....................##
#?.#oo......[..≈≈ ≈≈
#..@##.......##≈#≈≈
##............#≈#≈## #...
#..............≈#≈≈≈ ##.....#
#...##.........≈≈≈≈≈ ##...(..#
#...##..............
#.......######...#........$..)...
...........##................[...
...........#.....#...............
.................##..............


You could see an orc warrior and an orc.

Vanquished Creatures
  Grinder (D:3)
  Sigmund (D:3)
  Menkaure (D:4)
  Edmund (D:5)
  A phantom (D:4)
  A black bear (D:5)
  2 centaurs (D:6)
  An ogre (D:7)
  An elf zombie (Ossuary)
  A scorpion (D:7)
  2 howler monkeys
  An electric eel (D:7)
  6 centaur zombies
  A hound (D:4)
  An orc priest (D:7)
  A jelly (D:7)
  Ijyb (D:3)
  Terence (D:3)
  3 orc wizards
  2 worker ants
  3 big kobold zombies (Ossuary)
  A hound skeleton (D:5)
  2 mummies (Ossuary)
  10 gnolls
  6 adders
  A howler monkey skeleton (D:7)
  3 shadow imps
  An ooze (D:4)
  2 adder zombies (Ossuary)
  A dart slug (D:2)
  15 orcs
  8 bats
  8 giant cockroaches
  9 goblins
  3 hobgoblins
  9 jackals
  5 kobolds
  3 quokkas
  3 ball pythons
  A ball python skeleton (D:4)
  3 frilled lizards
  A goblin zombie (Ossuary)
  8 hobgoblin zombies (Ossuary)
  2 jackal skeletons (D:4)
  9 kobold zombies (Ossuary)
  8 orc zombies (Ossuary)
  10 rats
165 creatures vanquished.

Notes
Turn   | Place    | Note
-------+----------+-------------------------------------------
     0 | D:1      | Notair the Minotaur Gladiator began the quest for the Orb.
     0 | D:1      | Reached XP level 1. HP: 18/18 MP: 0/0
   161 | D:1      | Reached skill level 4 in Polearms
   164 | D:1      | Reached XP level 2. HP: 24/25 MP: 1/1
   166 | D:1      | Reached skill level 1 in Armour
   846 | D:2      | Reached XP level 3. HP: 30/31 MP: 2/2
  1481 | D:3      | Noticed Terence
  1490 | D:3      | Killed Terence
  1490 | D:3      | Reached skill level 5 in Polearms
  1490 | D:3      | Reached XP level 4. HP: 38/38 MP: 3/3
  1555 | D:3      | Noticed Grinder
  1563 | D:3      | Paralysed by Grinder for 3 turns
  1571 | D:3      | Paralysed by Grinder for 3 turns
  1588 | D:3      | Killed Grinder
  1588 | D:3      | Reached skill level 6 in Polearms
  1588 | D:3      | Reached XP level 5. HP: 29/46 MP: 4/4
  1588 | D:3      | Reached XP level 6. HP: 33/52 MP: 5/5
  1716 | D:3      | Noticed Ijyb
  1734 | D:3      | Killed Ijyb
  2117 | D:3      | Noticed Sigmund
  2130 | D:3      | Killed Sigmund
  2130 | D:3      | Reached skill level 7 in Polearms
  2334 | D:4      | Reached XP level 7. HP: 60/60 MP: 6/6
  2339 | D:4      | Reached skill level 5 in Fighting
  2366 | D:4      | Found a staircase to the Ecumenical Temple.
  2371 | Temple   | Entered the Ecumenical Temple
  2444 | Temple   | Became a worshipper of Warmaster Okawaru
  2571 | D:4      | Noticed Menkaure
  2590 | D:4      | Killed Menkaure
  2590 | D:4      | Reached skill level 8 in Polearms
  2885 | D:4      | Reached skill level 5 in Armour
  3184 | D:5      | Entered Level 5 of the Dungeon
  3256 | D:5      | Noticed Edmund
  3295 | D:4      | HP: 3/62 [poisoned by Edmund]
  3301 | D:4      | HP: 3/62 [poisoned by Edmund]
  3309 | D:4      | HP: 2/62 [poisoned by Edmund]
  3633 | D:5      | Killed Edmund
  3633 | D:5      | Reached * piety under Okawaru
  3633 | D:5      | Reached XP level 8. HP: 12/70 MP: 7/7
  4276 | D:6      | Reached skill level 9 in Polearms
  4820 | D:6      | Found a stormy altar of Qazlal.
  5112 | D:7      | Reached ** piety under Okawaru
  5151 | D:7      | Reached skill level 10 in Polearms
  5177 | D:7      | Found a sand-covered staircase.
  5183 | Ossuary  | Entered an ossuary
  5579 | D:7      | Reached XP level 9. HP: 76/79 MP: 8/8
  5619 | D:7      | Mangled by an orc warrior

Vault maps used:
D:1:      lightli_arrival_statue_moat
D:2:      first_ration
D:3:      roderic_serpentine_path, uniq_sigmund, uniq_grinder, uniq_terence,
          uniq_ijyb
D:4:      temple_doors_e, grunt_ministairs_15, uniq_menkaure
D:5:      uniq_edmund
D:6:      nicolae_overflow_crystal_walls
D:7:      nicolae_ossuary_entry_monument, the_bakery, minmay_crystal_water,
          uniq_pikel
Temple:   roderic_octagonal_lattice_temple
Ossuary:  ossuary_tomb_1

Skill      XL: |  1  2  3  4  5  6  7  8  9 |
---------------+----------------------------+-----
Polearms       | 4 5 6 7 8 10 | 10.6
Armour         | 1 2 3 4 5 6 7 |  7.0
Fighting       | 3 4 6 7 |  7.4
Throwing       | |  2.0
Dodging        | |  3.2

Action                   |  1- 3 |  4- 6 |  7- 9 || total
-------------------------+-------+-------+-------++-------
Melee: Trident           |    83 |   109 |   131 ||   323
       Headbutt          |    10 |    21 |    54 ||    85
       Halberd           |       |       |   188 ||   188
Throw: Stone             |     6 |       |       ||     6
       Throwing net      |       |     3 |     1 ||     4
Evoke: Wand              |       |       |     2 ||     2
  Use: Scroll            |     1 |       |    11 ||    12
       Potion            |       |       |     4 ||     4
 Stab: Sleeping          |     1 |       |       ||     1
  Eat: Chunk             |     1 |     4 |     9 ||    14
Armor: Leather armour    |    18 |     1 |       ||    19
       Chain mail        |       |    32 |   164 ||   196
Dodge: Dodged            |    53 |    27 |   126 ||   206

Table legend:
 A = Non-vault XP
 B = Vault XP
 C = Vault XP percentage of total XP
 D = Non-vault monster count
 E = Vault monster count
 F = Vault count percentage of total count
                 A         B        C        D         E       F
            +---------+---------+-------+---------+---------+-------
      Total |    1599 |    1364 |  46.0 |     119 |      46 |  27.9
            +---------+---------+-------+---------+---------+-------
        D:1 |      28 |       0 |   0.0 |      19 |       0 |   0.0
        D:2 |      38 |       0 |   0.0 |      15 |       0 |   0.0
        D:3 |     103 |     556 |  84.4 |      29 |       4 |  12.1
        D:4 |     351 |     173 |  33.0 |      22 |       2 |   8.3
        D:5 |     259 |     162 |  38.5 |      10 |       1 |   9.1
        D:6 |     407 |       0 |   0.0 |      16 |       0 |   0.0
        D:7 |     413 |       0 |   0.0 |       8 |       0 |   0.0
    Ossuary |       0 |     473 | 100.0 |       0 |      39 | 100.0
            +---------+---------+-------+---------+---------+-------
